 Dungeon Crawl Stone Soup version 0.30.0-5-g1a98f26d00 (webtiles) character file.

Game seed: 14785110259181886731

2040972 Datul the Iron Dragon (level 26, 221/221 HPs)
             Began as a White Draconian Conjurer on May 5, 2023.
             Was the Champion of Vehumet.
             Escaped with the Orb
             ... and 4 runes on May 8, 2023!
             The game lasted 07:34:46 (86244 turns).

Datul the Iron Dragon (White Draconian Conjurer)   Turns: 86244, Time: 07:34:46

Health: 221/221    AC: 21    Str: 23    XL:     26   Next: 47%
Magic:  59/59      EV: 14    Int: 30    God:    Vehumet [******]
Gold:   2630       SH: 27    Dex: 10    Spells: 10/71 levels left

rFire   + + .        b - staff of earth "Idiraec" {rF+ Will+ rCorr Str+2}
rCold   + . .        Z - +7 tower shield {reflect}
rNeg    + + .        (body armour unavailable)
rPois   .            (helmet restricted)
rElec   .            v - +4 dragonskin cloak
rCorr   +            U - +0 pair of gloves {Str+3}
SInv    .            W - +2 pair of boots
Will    ++...        M - amulet "Ceihogin" {RegenMP Fragile rN++ Int+3 Stlth+}
Stlth   +            F - ring of the Locust {rF+ Str+3}
HPRegen 0.56/turn    o - ring of magical power
MPRegen 0.76/turn

%: reflection
@: studying Ranged Weapons
A: breathe frost, AC +12, unfitting armour, cold resistance 1, cold-blooded,
beak, strong 1, evolution 1
0: Orb of Zot
}: 4/15 runes: barnacled, slimy, silver, gossamer
a: Breathe Frost, Renounce Religion


You escaped.
You worshipped Vehumet.
Vehumet was exalted by your worship.
You visited 12 branches of the dungeon, and saw 56 of its levels.
You also visited: Ossuary and Ice Cave.

You collected 8715 gold pieces.
You spent 6085 gold pieces at shops.

Inventory:

Hand Weapons
 a - the +9 staff of Olgreb {rPois∞}
   (You bought it in a shop on level 1 of the Shoals)

   It enhances your poison magic.
   It grants immunity to poison.
   It can be activated via the 'a'bility menu to radiate toxic energy, with
   effectiveness depending on Evocations skill.
Armour
 v - the +4 dragonskin cloak (worn)
   (You took it off Tiamat on level 2 of the Realm of Zot)

   Avatar's Aegis: It grants the wearer a chance to resist fire, cold, poison,
   electricity, acid, and negative energy.
 U - a +0 pair of gloves of strength (worn)
 W - a +2 pair of boots (worn)
 Z - a +7 tower shield of reflection (worn)
Magical Staves
 b - the staff of earth "Idiraec" (weapon) {rF+ Will+ rCorr Str+2}
   (You found it on level 2 of the Lair of Beasts)

   [staff of earth]

   Base accuracy: +5 Base damage: 5 Base attack delay: 1.2 This weapon's minimum
   attack delay (0.6) is reached at skill level 12.
   Str:       It affects your strength (+2).
   rF:        It protects you from fire.
   rCorr:     It protects you from acid and corrosion.
   Will:      It increases your willpower.
   It falls into the 'Staves' category.
   It is a one-handed weapon.
 G - the staff of air "Lita Lij" {rElec rN+ Str+2}
   (You found it on level 3 of the Elven Halls)

   [staff of air]

   Base accuracy: +5 Base damage: 5 Base attack delay: 1.2 This weapon's minimum
   attack delay (0.6) is reached at skill level 12.
   Str:       It affects your strength (+2).
   rElec:     It insulates you from electricity.
   rN:        It protects you from negative energy.
   It falls into the 'Staves' category.
   It is a one-handed weapon.
Jewellery
 o - a ring of magical power (right hand)
 t - a +6 ring of intelligence
 z - a ring of wizardry
 B - the ring "Naobbeir" {rF+ rC+ rCorr MP-9}
   (You found it on level 7 of the Dungeon)

   [ring of protection from fire]

   rF:        It protects you from fire.
   rC:        It protects you from cold.
   MP:        It affects your magic capacity (-9).
   rCorr:     It protects you from acid and corrosion.
 C - the ring of Bulas {+Blink rPois Will- AC+4 Dex+5}
   (You found it on level 5 of the Vaults)

   [ring of protection]

   AC:        It affects your AC (+4).
   Dex:       It affects your dexterity (+5).
   rPois:     It protects you from poison.
   +Blink:    It lets you blink.
   Will:      It decreases your willpower.
 E - the ring "Obieq" {Fire Will+ Dex+3}
   (You found it on level 3 of the Crypt)

   [ring of fire]

   It enhances your fire magic.
   Dex:       It affects your dexterity (+3).
   rF:        It protects you from fire.
   rC:        It makes you vulnerable to cold.
   Will:      It increases your willpower.
 F - the ring of the Locust (left hand) {rF+ Str+3}
   (You found it on level 5 of the Pits of Slime)

   [ring of protection from fire]

   Str:       It affects your strength (+3).
   rF:        It protects you from fire.
 I - a ring of see invisible
 J - a ring of willpower
 M - the amulet "Ceihogin" (around neck) {RegenMP Fragile rN++ Int+3 Stlth+}
   (You acquired it on level 3 of the Crypt)

   [amulet of magic regeneration]

   It increases your rate of magic regeneration.
   Int:       It affects your intelligence (+3).
   rN:        It greatly protects you from negative energy.
   Fragile:   It will be destroyed if unequipped.
   Stlth:     It makes you more stealthy.
 N - a ring of flight
 O - the ring of Olid Irouvuo {rN+ Str+4 Int+3}
   (You found it on level 2 of the Vaults)

   [ring of positive energy]

   Str:       It affects your strength (+4).
   Int:       It affects your intelligence (+3).
   rN:        It protects you from negative energy.
 X - the ring "Zeireassa" {Ice Fly rElec Str+3 Int+2}
   (You took it off Josephina on level 3 of the Depths)

   [ring of ice]

   It enhances your ice magic.
   Str:       It affects your strength (+3).
   Int:       It affects your intelligence (+2).
   rF:        It makes you vulnerable to fire.
   rC:        It protects you from cold.
   rElec:     It insulates you from electricity.
   Fly:       It grants you flight.
Wands
 k - a wand of roots (42)
 q - a wand of digging (21)
 w - a wand of acid (46)
Scrolls
 c - 12 scrolls of teleportation
 f - 10 scrolls of fear
 h - 10 scrolls of enchant weapon
 i - 11 scrolls of vulnerability
 y - 8 scrolls of immolation
 A - 2 scrolls of blinking
 D - 9 scrolls of poison
 H - 2 scrolls of silence
 K - 3 scrolls of torment
 S - 4 scrolls of amnesia
 T - 3 scrolls of butterflies
 V - 5 scrolls of fog
Potions
 e - 8 potions of cancellation
 g - 9 potions of heal wounds
 j - 16 potions of curing
 l - 14 potions of attraction
 m - 17 potions of mutation
 n - 7 potions of ambrosia
 p - 10 potions of lignification
 r - 10 potions of brilliance
 s - 3 potions of haste
 u - 15 potions of flight
 x - 7 potions of resistance
 R - 6 potions of magic
 Y - 5 potions of invisibility
Miscellaneous
 d - a phantom mirror
 L - a tin of tremorstones (2/2)
 P - a phial of floods
 Q - a lightning rod (4/4)


   Skills:
 - Level 15.0 Fighting
 - Level 9.0 Dodging
 - Level 1.7 Stealth
 - Level 20.0 Shields
 + Level 23.1 Spellcasting
 - Level 16.0 Conjurations
 - Level 8.0 Necromancy
 - Level 23.0 Ice Magic
 - Level 4.0 Air Magic
 O Level 27 Earth Magic
 - Level 4.0 Evocations


You had 10 spell levels left.
You knew the following spells:

 Your Spells              Type           Power      Damage    Failure   Level
a - Magic Dart            Conj           100%       1d8       0%          1
b - Iskenderun's Mystic   Conj/Tloc      70%        2d14      1%          4
c - Borgnjor's Vile Clut  Necr/Erth      59%        N/A       1%          5
i - Iron Shot             Conj/Erth      64%        9d12      1%          6
l - Lee's Rapid Deconstr  Erth           69%        3d31*     0%          5
p - Passwall              Tmut/Erth      90%        N/A       0%          2
s - Statue Form           Tmut/Erth      72%        N/A       1%          6
B - Blink                 Tloc           68%        N/A       2%          2
F - Freezing Cloud        Conj/Ice/Air   44%        6-21      1%          5
R - Ozocubu's Refrigerat  Ice            53%        4d19      1%          7
S - Shatter               Erth           69%        3d51*     1%          9
V - Polar Vortex          Ice            53%        N/A       3%          9

Your spell library contained the following spells:

 Spells                   Type           Power      Damage    Failure   Level
 Chain Lightning          Conj/Air       38%        3d50      99%         9
 Freeze                   Ice            100%       1d10      0%          1
 Kiss of Death            Conj/Necr      100%       2d13      0%          1
 Sandblast                Erth           100%       2d20      0%          1
 Searing Ray              Conj           100%       2d8       0%          2
 Frozen Ramparts          Ice            100%       1d16      0%          3
 Hailstorm                Conj/Ice       100%       3d20      0%          3
 Ozocubu's Armour         Ice            100%       N/A       0%          3
 Stone Arrow              Conj/Erth      100%       3d13      0%          3
 Apportation              Tloc           68%        N/A       1%          1
 Foxfire                  Conj/Fire      100%       2x1d9     1%          1
 Necrotise                Necr           100%       1d9       1%          1
 Sting                    Tmut/Pois      100%       1d8       1%          1
 Summon Small Mammal      Summ           100%       N/A       1%          1
 Cigotuvi's Dreadful Rot  Necr/Pois/Air  100%       N/A       1%          2
 Ensorcelled Hibernation  Hex/Ice        100%       N/A       1%          2
 Momentum Strike          Conj/Tloc      100%       3d10      1%          2
 Poisonous Vapours        Pois/Air       94%        N/A       1%          2
 Static Discharge         Conj/Air       100%       2-7/arc   1%          2
 Dazzling Flash           Conj/Hex       100%       N/A       1%          3
 Ignite Poison            Fire/Tmut/Pois 34%        N/A       1%          3
 Inner Flame              Hex/Fire       34%        N/A       1%          3
 Mephitic Cloud           Conj/Pois/Air  66%        N/A       1%          3
 Swiftness                Air            56%        N/A       1%          3
 Vhi's Electric Charge    Tloc/Air       94%        N/A       1%          3
 Volatile Blastmotes      Fire/Tloc      68%        2d15      1%          3
 Airstrike                Air            28%        2d(4-20)  1%          4
 Animate Dead             Necr           70%        N/A       1%          4
 Dispel Undead            Necr           70%        3d24      1%          4
 Flame Wave               Conj/Fire      70%        2d16      1%          4
 Fulminant Prism          Conj/Hex       35%        3d17      1%          4
 Ice Form                 Ice/Tmut       81%        N/A       1%          4
 Leda's Liquefaction      Hex/Erth       54%        N/A       1%          4
 Petrify                  Tmut/Erth      100%       N/A       1%          4
 Sticky Flame             Conj/Fire      70%        2d8       1%          4
 Summon Ice Beast         Ice/Summ       81%        N/A       1%          4
 Agony                    Necr           70%        N/A       1%          5
 Arcjolt                  Conj/Air       38%        1d48      1%          5
 Irradiate                Conj/Tmut      35%        3d23      1%          5
 Metabolic Englaciation   Hex/Ice        40%        N/A       1%          5
 Conjure Ball Lightning   Conj/Air       38%        3x3d12    1%          6
 Simulacrum               Ice/Necr       45%        N/A       1%          6
 Orb of Destruction       Conj           46%        9d12      1%          7
 Lehudib's Crystal Spear  Conj/Erth      64%        10d15     1%          8
 Call Imp                 Summ           68%        N/A       2%          2
 Lesser Beckoning         Tloc           68%        N/A       2%          2
 Call Canine Familiar     Summ           34%        N/A       4%          3
 Confusing Touch          Hex            34%        N/A       4%          3
 Portal Projectile        Hex/Tloc       68%        N/A       4%          3
 Summon Guardian Golem    Hex/Summ       34%        N/A       4%          3
 Tukima's Dance           Hex            34%        N/A       4%          3
 Olgreb's Toxic Radiance  Pois           34%        N/A       4%          4
 Summon Lightning Spire   Summ/Air       47%        N/A       6%          4
 Death Channel            Necr           35%        N/A       9%          6
 Yara's Violent Unravell  Hex/Tmut       17%        3d8       11%         5
 Spellforged Servitor     Conj/Summ      35%        N/A       13%         7
 Manifold Assault         Tloc           34%        N/A       16%         4
 Passage of Golubria      Tloc           34%        N/A       16%         4
 Silence                  Hex/Air        23%        N/A       19%         5
 Plasma Beam              Fire/Air       23%        2x1d39    24%         6
 Alistair's Intoxication  Tmut/Pois      22%        N/A       38%         5
 Blade Hands              Tmut           17%        N/A       38%         5
 Eringya's Noxious Bog    Tmut/Pois      17%        N/A       50%         6
 Haunt                    Necr/Summ      28%        N/A       94%         7
 Borgnjor's Revivificati  Necr           35%        N/A       98%         8
 Infestation              Necr           35%        N/A       98%         8
 Maxwell's Capacitive Co  Air            28%        ∞         98%         8
 Storm Form               Tmut/Air       23%        N/A       99%         7
 Dragon Form              Tmut           17%        N/A       100%        7
 Enfeeble                 Hex            17%        N/A       100%        7
 Malign Gateway           Summ/Tloc      17%        N/A       100%        7
 Discord                  Hex            17%        N/A       100%        8
 Ignition                 Fire           17%        3d7       100%        8
 Summon Horrible Things   Summ           17%        N/A       100%        8
 Fire Storm               Conj/Fire      35%        8d9       100%        9
 Animate Armour           Summ/Erth      Unusable   N/A       N/A         4

Dungeon Overview and Level Annotations

Branches:
Dungeon (15/15)            Temple (1/1) D:7            Lair (5/5) D:9
 Shoals (4/4) Lair:3       Spider (4/4) Lair:2        Slime (5/5) Lair:4
    Orc (2/2) D:12            Elf (3/3) Orc:2        Vaults (5/5) D:13
  Crypt (3/3) Vaults:2       Tomb (0/3) Crypt:3      Depths (4/4) D:15
    Zot (5/5) Depths:4    Ossuary (visited)           IceCv (visited)

Altars:
Cheibriados
Dithmenos
Elyvilon
Fedhas
Kikubaaqudgha
Makhleb
Nemelex Xobeh
Okawaru
Ru
Trog
Vehumet
Wu Jian
Xom
Yredelemnul
Zin
The Shining One

Shops:
D:5 *   D:8 (   Orc:2 (*?!:   Elf:2 =   Elf:3 :=::   Shoals:1 (   Shoals:3 =
Vaults:4 :(   Zot:2 *   Depths:3 *

Portals:
Hell: Depths:1 Depths:2 Depths:3 Depths:4
Abyss: Orc:1 Depths:3 Depths:4
Pandemonium: Depths:2 Depths:4
Ziggurat: Depths:3

Annotations:
Elf:2 5 runed translucent doors
Crypt:1 3 runed translucent doors, Waammiq's ghost, veteran GrEE


Innate Abilities, Weirdness & Mutations

You can breathe waves of freezing cold which knock back foes.
Your icy white scales are hard. (AC +12)
You cannot fit into any form of body armour.
Your flesh is cold resistant. (rC+)
You are cold-blooded and may be slowed by cold attacks.
You have a beak for a mouth.
Your muscles are strong. (Str +4, Int/Dex -1)
You have hidden genetic potential.


Message History

(V) Vaults (C) Crypt (W) Tomb (U) Depths (H) Hell (Z) Zot
Where to? (Enter - D:1 @ (x,y), ? - help) Magic restored.
A demonic crawler comes into view.
MP restored: 59
There is an escape hatch in the ceiling here.
A mysterious force pulls you upwards. The hatch slams shut behind you.
You see here a +0 dagger.
Casting: Iron Shot (safe; 1% risk of failure)
Confirm with . or Enter, or press ? or * to list all spells.
Aiming: Passwall (safe; 0% risk of failure)
Press: ? - help, Dir - move target A rock wall.
This square is covered in magical glow.
You feel a surge of power!
You begin to meditate on the wall.
You continue meditating on the rock. x2
Magic restored.
You finish merging with the rock. 2 golden eyes come into view.
Casting: Passwall (safe; 0% risk of failure)
Confirm with . or Enter, or press ? or * to list all spells.
The heat is drained from your surroundings.
You kill the golden eye!
Vehumet accepts your kill.
You feel your power returning.
You kill the golden eye!
Vehumet accepts your kill.
You feel your power returning.
Casting: Ozocubu's Refrigeration (safe; 1% risk of failure)
Confirm with . or Enter, or press ? or * to list all spells.
Aiming: Passwall (safe; 0% risk of failure)
Press: ? - help, Dir - move target A rock wall.
This square is covered in magical glow.
You feel a surge of power!
You begin to meditate on the wall.
You continue meditating on the rock. x2
Magic restored.
You finish merging with the rock.
You have escaped!

....#############.........#
##..##.....[...##........###
.#...'.........##.#####....#####
.#..##.........'..# #.......(.#
.##'##.........#### #.........#
.....#.........#######.........#
.....#.........#.'..##.........#
.....#.........#'#..##....^....#
###'##.........#@#'###...#####.##
....##########'###...#...# #...
.....######......#..[##### ###.
..........#......'...# ##
####.###.##...8..#####
#.#.#.##......################
#...#.##......#...............
###.#.##'######.##############
#..#.............#####


There were no monsters in sight!

Vanquished Creatures
  Dissolution (Slime:3)
  the Royal Jelly (Slime:5)
  2 dread liches (Zot:5)
  Tiamat (Zot:2)
  Mara (Spider:3)
  3 ancient liches
  2 orbs of fire
  3 juggernauts
  Josephina (Depths:3)
  6 Killer Klowns
  Frederick (Depths:4)
  3 curse toes
  A profane servitor (Crypt:3)
  7 golden dragons
  2 bone dragons
  A Tzitzimitl (D:11)
  2 doom hounds (Zot:2)
  2 electric golems (Zot:5)
  Arachne (Spider:2)
  An iron giant (Depths:2)
  A pandemonium lord (Zot:1)
  16 tentacled monstrosities
  A Brimstone Fiend (D:8)
  Mlioglotl (Shoals:3)
  A walking crystal tome (Depths:2)
  5 liches
  24 Orb Guardians
  Grunn (Zot:2)
  Asterion (Vaults:3)
  Jorgrun (Shoals:3)
  16 acid blobs
  6 titans (Vaults:5)
  10 ancient champions
  2 quicksilver dragons
  6 deep elf master archers (Elf:3)
  2 deep elf blademasters (Elf:3)
  5 death cobs
  10 sphinxes
  4 tengu reavers
  12 shadow dragons
  9 storm dragons
  13 rockslimes
  A revenant (Crypt:3)
  8 azure jellies
  8 fire giants
  2 daevas (Depths:3)
  6 draconian knights
  3 draconian monks
  17 vault wardens
  Aizul (Vaults:1)
  A demonspawn warmonger (D:15)
  9 emperor scorpions
  A balrug (Depths:4)
  A deep elf elementalist (Elf:3)
  6 draconian shifters
  7 iron dragons
  9 frost giants
  2 draconian scorchers
  4 curse skulls
  4 draconian stormcallers
  5 ghost moths
  2 orc warlords
  9 deep elf sorcerers
  The ghost of Bolleh the Thaumaturge, a journeyman GnSk of Makhleb (Spider:3)
  An angel (Depths:3)
  The ghost of Potutehi the Blocker, a journeyman DDFi of Makhleb (Orc:1)
  16 very ugly things
  11 quicksilver oozes
  6 ghouls (Crypt:3)
  A war gargoyle (Vaults:5)
  5 broodmothers
  3 reapers
  A demonspawn blood saint (D:15)
  A cacodemon (Depths:2)
  A caustic shrike skeleton (Crypt:3)
  6 draconian annihilators
  22 stone giants
  A spriggan defender (Depths:3)
  5 vampire knights
  19 ironbound preservers
  9 ironbound thunderhulks
  9 deep elf demonologists
  7 red draconians
  5 green draconians
  7 black draconians
  12 white draconians
  3 yellow draconians
  12 dire elephants
  A spark wasp (shapeshifter) (Vaults:4)
  18 purple draconians
  14 spark wasps
  6 deep elf annihilators
  3 eidola
  11 ettins
  2 blizzard demons
  10 deep elf death magi
  7 jiangshi
  8 merfolk impalers
  A mummy priest (Crypt:3)
  2 crystal guardians
  5 entropy weavers
  5 merfolk javelineers
  A quicksilver dragon zombie (Crypt:1)
  7 deep elf high priests
  10 fire dragons
  2 hell beasts (Depths:3)
  32 vault guards
  3 ice dragons
  5 peacekeepers
  8 ogre magi
  12 yaktaur captains
  2 rakshasas
  2 merfolk avatars
  Erolcha (D:9)
  9 great orbs of eyes
  4 jorogumos
  5 hydras
  A catoblepas (D:13)
  4 radroaches
  A spriggan skeleton (Crypt:1)
  15 centaur warriors
  5 spriggan air magi (Depths:3)
  10 ironbound frosthearts
  3 merfolk aquamancers (Shoals:4)
  2 death knights (Crypt:3)
  An alligator snapping turtle (Shoals:4)
  6 boulder beetles
  21 two-headed ogres
  6 deep troll shamans
  4 deep troll earth magi
  4 death yaks (Lair:5)
  5 vampire magi
  4 tengu warriors
  16 dancing weapons
  A hell knight (Vaults:5)
  A storm dragon zombie (Crypt:1)
  6 spriggan berserkers
  2 orc high priests
  2 soul eaters
  6 spriggans
  8 iron trolls
  11 deep elf knights
  3 sun demons
  Nergalle (D:12)
  A sun moth (Spider:4)
  18 skeletal warriors
  An iron giant zombie (Crypt:1)
  3 sixfirhies
  57 deep trolls
  7 sea snakes
  A bunyip zombie (Crypt:3)
  A pharaoh ant (Spider:4)
  4 shadow wraiths
  4 skysharks
  6 flayed ghosts
  A ghost moth zombie (Crypt:2)
  3 glowing orange brains
  11 orb spiders
  An obsidian statue (Zot:5)
  8 deep elf archers
  5 wizards
  A bog body (Crypt:3)
  An orange crystal statue (D:12)
  23 deep elf pyromancers
  A broodmother zombie (Crypt:2)
  A bunyip skeleton (Crypt:2)
  5 necromancers
  2 spriggan simulacra (Crypt:3)
  A fire giant zombie (D:15)
  5 steelbarb worms
  9 phantasmal warriors
  3 orc sorcerers
  4 oklob plants (Lair:4)
  40 harpies
  3 shining eyes
  9 orc knights
  9 lindwurms
  30 wolf spiders
  21 deep elf zephyrmancers
  23 ironbound convokers
  25 ugly things
  14 cyclopes
  A manticore (shapeshifter) (Vaults:5)
  A shining eye (shapeshifter) (Vaults:2)
  A salamander (shapeshifter) (D:15)
  21 moths of wrath
  A worldbinder (Orc:1)
  12 manticores
  5 fauns
  A stone giant skeleton (Crypt:3)
  8 merfolk sirens
  A fire giant skeleton (Crypt:1)
  4 black mambas
  10 elephants
  10 demonic crawlers
  Maurice (Orc:2)
  An eye of devastation (Slime:2)
  2 orange demons (Depths:2)
  3 rust devils
  2 ice statues (IceCv)
  2 molten gargoyles (Lair:3)
  15 vault sentinels
  A frost giant skeleton (D:15)
  7 water nymphs
  3 cane toads
  Maggie (D:7)
  A gargoyle (D:12)
  7 torpor snails
  3 smoke demons
  A hellion (Orc:1)
  2 kobold demonologists
  7 komodo dragons
  8 ice devils
  An unseen horror (D:11)
  2 rime drakes
  A purple draconian zombie (Crypt:3)
  9 freezing wraiths
  20 yaktaurs
  13 guardian mummies
  2 tormentors
  A dire elephant skeleton (Crypt:1)
  A red draconian skeleton (Crypt:2)
  A golden dragon simulacrum (Depths:3)
  A purple draconian skeleton (Crypt:1)
  2 anaconda simulacra (IceCv)
  23 merfolk
  A green draconian skeleton (Crypt:1)
  7 meliai
  11 trolls
  2 shadow dragon simulacra (Depths:3)
  2 hornets (shapeshifter)
  8 polar bears
  A harpy skeleton (Crypt:1)
  A tarantella zombie (Crypt:2)
  8 wind drakes (Shoals:4)
  9 hornets
  10 snapping turtles
  31 tarantellas
  An ice dragon zombie (Crypt:3)
  A raiju (Orc:1)
  8 blink frogs
  A culicivora zombie (Crypt:1)
  A guardian serpent zombie (Crypt:2)
  An ettin zombie (Crypt:3)
  7 air elementals
  A spriggan zombie (D:15)
  12 dream sheep
  2 slime creatures (shapeshifter)
  A fire dragon skeleton (Crypt:1)
  76 slime creatures
  10 culicivoras
  A large abomination (Orc:1)
  25 water elementals
  18 jumping spiders
  A shadow (D:11)
  4 wraiths
  4 wyverns
  69 yaks
  4 vampires
  3 dire elephant simulacra (IceCv)
  2 fire elementals
  A hog (shapeshifter) (D:14)
  15 golden eyes
  A two-headed ogre zombie (Crypt:3)
  3 basilisks
  2 steam dragons (D:10)
  45 redbacks
  A chaos spawn (Depths:2)
  A neqoxec (Zot:1)
  3 human zombies
  4 wargs
  A wind drake skeleton (Crypt:3)
  2 harpy simulacra
  8 vampire mosquitoes
  A water moccasin (shapeshifter) (Orc:1)
  4 hydra simulacra (IceCv)
  3 acid dragons
  14 water moccasins
  4 hell hounds (Depths:3)
  A floating eye (shapeshifter) (Vaults:5)
  5 floating eyes
  A cane toad skeleton (Crypt:3)
  A water nymph skeleton (Crypt:3)
  An ice beast (D:5)
  22 orc warriors
  3 black bears
  3 sky beasts (D:10)
  A swamp drake (D:12)
  26 ogres
  14 wolves
  A blink frog skeleton (Crypt:1)
  An elephant skeleton (Crypt:1)
  8 centaurs
  A hog skeleton (Crypt:3)
  A phantom (D:5)
  4 kobold brigands
  9 bullfrogs
  A glowing shapeshifter simulacrum (Depths:3)
  A two-headed ogre simulacrum (IceCv)
  2 earth elementals
  A necrophage (Crypt:3)
  3 scorpions
  4 water moccasin zombies (Ossuary)
  3 wights (D:6)
  17 killer bees
  An elephant simulacrum (IceCv)
  3 electric eels
  8 howler monkeys
  5 lava snakes (Lair:3)
  3 hounds
  17 orc priests
  A centaur skeleton (Crypt:2)
  Crazy Yiuf (D:2)
  2 human skeletons (Crypt:1)
  A bullfrog skeleton (Crypt:2)
  4 iguanas
  Natasha (thrice) (D:2)
  Ijyb (D:4)
  2 troll simulacra (IceCv)
  25 orc wizards
  A polar bear simulacrum (IceCv)
  An acid dragon zombie (Crypt:1)
  3 mummies
  3 gnolls (D:6)
  9 adders
  2 shadow imps
  2 white imps
  An ufetubus (D:5)
  6 adder zombies (Ossuary)
  A worm (D:3)
  A dart slug (D:3)
  76 orcs
  A bat skeleton (Crypt:3)
  9 endoplasms
  4 giant cockroaches
  5 gnoll zombies (Ossuary)
  7 goblins
  11 hobgoblins
  3 quokkas (D:3)
  12 ball pythons
  6 bats
  2 frilled lizards
  5 hobgoblin zombies (Ossuary)
  A jackal skeleton (Crypt:3)
  15 kobolds
  2 kobold zombies
  6 orc zombies
  4 rats
  A spectral weapon (Zot:5)
2256 creatures vanquished.

Vanquished Creatures (collateral kills)
  An ugly thing (D:15)
  A slime creature (D:15)
2 creatures vanquished.

Vanquished Creatures (others)
  A wizard (D:4)
  2 water elementals
  35 fulminant prisms
38 creatures vanquished.

Grand Total: 2296 creatures vanquished

Notes
Turn   | Place    | Note
-------+----------+-------------------------------------------
     0 | D:1      | Datul the Draconian Conjurer began the quest for the Orb.
     0 | D:1      | Reached XP level 1. HP: 14/14 MP: 3/3
   480 | D:1      | Reached XP level 2. HP: 20/20 MP: 3/5
   613 | D:1      | Found a faded altar of an unknown god.
  1320 | D:2      | Noticed Natasha
  1388 | D:2      | Reached XP level 3. HP: 26/26 MP: 3/6
  1592 | D:2      | Found a runed translucent door.
  1593 | D:2      | Noticed Crazy Yiuf
  2564 | D:3      | Got the Atlas of Calid Algor
  2569 | D:3      | Learned a level 3 spell: Mephitic Cloud
  2572 | D:3      | Learned a level 2 spell: Searing Ray
  2874 | D:3      | Reached XP level 4. HP: 33/33 MP: 2/8
  3007 | D:3      | Reached skill level 5 in Conjurations
  3505 | D:4      | Found a sand-covered staircase.
  3511 | Ossuary  | Entered an ossuary
  3659 | Ossuary  | Reached XP level 5. HP: 36/38 MP: 3/10
  3909 | Ossuary  | Reached XP level 6. HP: 38/45 MP: 1/12
  4585 | D:4      | Found a bloodstained altar of Trog.
  4585 | D:4      | Noticed Ijyb
  4609 | D:4      | Killed Ijyb
  4919 | D:4      | Found a white marble altar of Elyvilon.
  5076 | D:4      | Reached skill level 5 in Spellcasting
  5076 | D:4      | Your scales start taking on an icy white colour.
  5076 | D:4      | Reached XP level 7. HP: 50/50 MP: 5/14
  5076 | D:4      | Gained mutation: Your flesh is cold resistant. (rC+) [White
                  | Draconian growth]
  5307 | D:4      | Noticed a wizard
  5309 | D:4      | Killed a wizard
  5571 | D:5      | Entered Level 5 of the Dungeon
  5988 | D:5      | Reached skill level 1 in Ice Magic
  6343 | D:5      | Reached XP level 8. HP: 57/57 MP: 8/17
  6548 | D:5      | Found Lioda's Assorted Antiques.
  6551 | D:5      | Bought 2 scrolls labelled VIPUZ TAPSECANALO for 32 gold
                  | pieces
  6551 | D:5      | Bought a scroll of identify for 32 gold pieces
  8183 | D:6      | Reached skill level 5 in Ice Magic
  8287 | D:6      | Learned a level 4 spell: Fulminant Prism
  8292 | D:6      | Learned a level 4 spell: Iskenderun's Mystic Blast
  8734 | D:7      | Identified the ring "Naobbeir" {rF+ rC+ rCorr MP-9}
  8739 | D:7      | Noticed a hornet
  9015 | D:7      | Reached XP level 9. HP: 57/62 MP: 9/19
  9113 | D:7      | Found a radiant altar of Vehumet.
  9131 | D:7      | Became a worshipper of Vehumet
  9279 | D:7      | Found a staircase to the Ecumenical Temple.
  9280 | D:7      | Noticed Maggie
  9291 | D:7      | Killed Maggie
  9368 | Temple   | Entered the Ecumenical Temple
  9521 | D:7      | Learned a level 5 spell: Freezing Cloud
  9532 | D:8      | Noticed a manticore
  9644 | D:8      | Reached skill level 1 in Fighting
  9678 | D:8      | Reached skill level 1 in Air Magic
  9711 | D:8      | Identified the +8 plate armour "Toel" {rN+}
  9939 | D:8      | Found Ximarch's Weapon Shop.
 10539 | D:8      | Killed a manticore
 10699 | D:8      | You fall into a shaft and drop 3 floors!
 10712 | D:10     | Entered Level 10 of the Dungeon
 10765 | D:9      | Noticed a seven-headed hydra
 10769 | D:9      | Killed a seven-headed hydra
 10769 | D:9      | Reached * piety under Vehumet
 10769 | D:9      | Offered knowledge of Kiss of Death by Vehumet.
 10770 | D:9      | Reached XP level 10. HP: 80/80 MP: 11/21
 11068 | D:9      | Reached skill level 5 in Fighting
 11457 | D:9      | Found a staircase to the Lair.
 11742 | D:9      | Noticed Erolcha
 12057 | D:2      | Killed Natasha
 12136 | D:2      | Killed Crazy Yiuf
 12226 | D:2      | Noticed Natasha
 12228 | D:2      | Killed Natasha
 12319 | D:2      | Noticed Natasha
 12321 | D:2      | Killed Natasha
 12491 | Lair:1   | Entered Level 1 of the Lair of Beasts
 12564 | Lair:1   | Reached skill level 10 in Conjurations
 12640 | Lair:1   | Noticed a cane toad
 12643 | Lair:1   | Offered knowledge of Shock by Vehumet.
 12644 | Lair:1   | Reached skill level 10 in Ice Magic
 12644 | Lair:1   | Reached skill level 1 in Evocations
 12645 | Lair:1   | Killed a cane toad
 12645 | Lair:1   | Reached ** piety under Vehumet
 12912 | Lair:1   | Reached XP level 11. HP: 89/89 MP: 14/23
 13831 | Lair:2   | Found a hole to the Spider Nest.
 14014 | Lair:2   | Reached skill level 5 in Dodging
 14275 | Lair:2   | Offered knowledge of Momentum Strike by Vehumet.
 14998 | Lair:2   | Identified the staff of earth "Idiraec" {rF+ Will+ rCorr
                  | Str+2}
 15130 | Lair:2   | Learned a level 7 spell: Orb of Destruction
 15136 | Lair:3   | Reached *** piety under Vehumet
 15200 | Lair:3   | Found the +5 glaive of the Guard {elec, spectral, AC+5}
 15308 | Lair:3   | Found a staircase to the Shoals.
 15338 | Lair:3   | Noticed a six-headed hydra
 15345 | Lair:3   | Killed a six-headed hydra
 15428 | Lair:3   | Reached XP level 12. HP: 101/101 MP: 15/24
 15664 | Lair:3   | Found the +3 salamander hide armour {Flames, rFlCloud rF++
                  | rC--}
 15678 | Lair:3   | Offered knowledge of Hailstorm by Vehumet.
 16603 | Lair:4   | Noticed a seven-headed hydra
 16739 | Lair:4   | Killed a seven-headed hydra
 16934 | Lair:4   | Found a snail-covered altar of Cheibriados.
 17082 | Lair:4   | Found a staircase to the Slime Pits.
 17470 | Lair:4   | Reached **** piety under Vehumet
 17679 | Lair:4   | Identified the +3 falchion of the Nurturing Hero {protect,
                  | rC+ rCorr Stlth+}
 18209 | Lair:5   | Entered Level 5 of the Lair of Beasts
 18223 | Lair:5   | Reached skill level 10 in Spellcasting
 18370 | Lair:5   | Offered knowledge of Volatile Blastmotes by Vehumet.
 18421 | Lair:5   | Reached XP level 13. HP: 91/107 MP: 6/27
 18557 | Lair:5   | Reached skill level 1 in Shields
 19570 | Lair:5   | Reached skill level 15 in Conjurations
 19875 | Lair:5   | Reached ***** piety under Vehumet
 20189 | Lair:5   | Noticed a dire elephant
 20263 | Lair:5   | Killed a dire elephant
 20509 | Lair:5   | Identified the +3 scale mail of Awugumiddi {Drain rElec
                  | Will+++ SInv}
 20717 | D:10     | Offered knowledge of Lee's Rapid Deconstruction by Vehumet.
 20916 | D:10     | Reached skill level 5 in Shields
 21774 | D:10     | Identified the +4 halberd of Courage {drain, Int+3}
 22201 | D:11     | Learned a level 5 spell: Lee's Rapid Deconstruction
 22261 | D:11     | Reached skill level 1 in Earth Magic
 22900 | D:12     | Reached skill level 2 in Earth Magic
 23054 | D:12     | Reached skill level 3 in Earth Magic
 23239 | D:12     | Reached XP level 14. HP: 115/115 MP: 15/28
 23341 | D:12     | Reached skill level 4 in Earth Magic
 23658 | D:12     | Noticed Nergalle
 23663 | D:12     | Killed Nergalle
 23876 | D:12     | Found a staircase to the Orcish Mines.
 24335 | Orc:1    | Entered Level 1 of the Orcish Mines
 24548 | Orc:2    | Entered Level 2 of the Orcish Mines
 24555 | Orc:2    | Found a staircase to the Elven Halls.
 24584 | Orc:2    | Reached skill level 5 in Earth Magic
 24932 | Orc:1    | Reached skill level 6 in Earth Magic
 25173 | Orc:1    | Found a transporter.
 25188 | Orc:1    | Found a transporter.
 25221 | Orc:1    | Found a radiant altar of Vehumet.
 25678 | Orc:1    | Noticed an orc warlord
 25687 | Orc:1    | Found a one-way gate to the infinite horrors of the Abyss.
 25694 | Orc:1    | Noticed Potutehi's ghost (journeyman DDFi)
 25829 | Orc:2    | Found Axiteaho's Antique Weapon Boutique.
 25835 | Orc:2    | Noticed Maurice
 25838 | Orc:2    | Reached skill level 7 in Earth Magic
 25840 | Orc:2    | Killed Maurice
 25840 | Orc:2    | Offered knowledge of Olgreb's Toxic Radiance by Vehumet.
 25842 | Orc:2    | Found Vaso's Assorted Antiques.
 25847 | Orc:2    | Reached skill level 8 in Earth Magic
 25859 | Orc:2    | Reached skill level 9 in Earth Magic
 26211 | Orc:2    | Reached skill level 10 in Earth Magic
 26332 | Orc:2    | Found Lureitru's Vocational Training.
 26337 | Orc:2    | Found Mergh's Distillery.
 26370 | Orc:2    | Found Coxoeh's Magic Scroll Emporium.
 26614 | Orc:2    | Bought a pair of glowing gloves for 232 gold pieces
 26630 | Orc:2    | Bought a scroll of teleportation for 39 gold pieces
 26630 | Orc:2    | Bought a scroll of butterflies for 52 gold pieces
 26630 | Orc:2    | Bought a scroll of teleportation for 39 gold pieces
 26635 | Orc:2    | Bought a potion of mutation for 136 gold pieces
 26635 | Orc:2    | Bought a potion of curing for 51 gold pieces
 26635 | Orc:2    | Bought a potion of mutation for 136 gold pieces
 26635 | Orc:2    | Bought a potion of brilliance for 68 gold pieces
 26635 | Orc:2    | Bought a potion of brilliance for 68 gold pieces
 26743 | D:13     | Found a frozen archway.
 26751 | IceCv    | Entered an ice cave
 27968 | IceCv    | Noticed a reaper
 27984 | IceCv    | Killed a reaper
 28920 | D:13     | Reached skill level 11 in Earth Magic
 29278 | D:13     | Found a glowing silver altar of Zin.
 29278 | D:13     | Noticed an angel
 29869 | D:13     | Reached XP level 15. HP: 112/121 MP: 10/30
 29969 | D:13     | Found a gate to the Vaults.
 31534 | D:15     | Entered Level 15 of the Dungeon
 31617 | D:15     | Reached skill level 12 in Earth Magic
 31630 | D:15     | Offered knowledge of Ozocubu's Refrigeration by Vehumet.
 31740 | D:15     | Found a blossoming altar of Fedhas.
 32694 | D:15     | Reached skill level 13 in Earth Magic
 32726 | D:15     | Learned a level 7 spell: Ozocubu's Refrigeration
 32840 | D:15     | Found a staircase to the Depths.
 33360 | Spider:1 | Entered Level 1 of the Spider Nest
 33976 | Shoals:1 | Entered Level 1 of the Shoals
 33982 | Shoals:1 | Upgraded the game from 0.30.0 to 0.30.0-3-ga4e48a9924
 33984 | Shoals:1 | Reached skill level 1 in Necromancy
 33992 | Lair:3   | Learned a level 5 spell: Borgnjor's Vile Clutch
 34251 | Shoals:1 | Found Muroiri's Antique Weapon Shop.
 34571 | Shoals:1 | Identified a scroll of acquirement
 35341 | Shoals:1 | Reached skill level 5 in Necromancy
 35549 | Shoals:1 | Acquired 1104 gold pieces
 35551 | Shoals:1 | Bought the +9 staff of Olgreb {rPois∞} for 2100 gold pieces
 35551 | Shoals:1 | Found the +9 staff of Olgreb {rPois∞}
 35673 | Shoals:2 | Reached XP level 16. HP: 128/128 MP: 13/33
 37109 | Shoals:3 | Noticed Jorgrun
 37116 | Shoals:3 | Killed Jorgrun
 37592 | Shoals:3 | Found Bameich's Jewellery Shop.
 37592 | Shoals:3 | Noticed Mlioglotl
 37601 | Shoals:3 | Killed Mlioglotl
 38008 | Shoals:4 | Entered Level 4 of the Shoals
 38079 | Shoals:4 | Paralysed by an air elemental for 1 turns
 38186 | Shoals:4 | Paralysed by an air elemental for 1 turns
 38567 | Shoals:4 | Reached skill level 10 in Fighting
 38659 | Shoals:4 | Reached skill level 10 in Shields
 38807 | Shoals:4 | Reached ****** piety under Vehumet
 38811 | Shoals:4 | Paralysed by an air elemental for 1 turns
 39326 | Shoals:3 | Bought an amulet of regeneration for 480 gold pieces
 39326 | Shoals:3 | Bought a ring of magical power for 320 gold pieces
 39494 | Shoals:4 | Identified the amulet "Kutaphim" {Reflect rPois rCorr MP+9
                  | Int-3 SH+5}
 39907 | Shoals:4 | Noticed a storm dragon
 40210 | Shoals:4 | Offered knowledge of Fireball by Vehumet.
 40545 | Shoals:4 | Killed a storm dragon
 40633 | Shoals:4 | Got a barnacled rune of Zot
 40689 | Shoals:4 | Datul: ??deep elf sorcerer
 40689 | Shoals:4 | beem: deep elf sorcerer[1/2]: A truly nasty elven caster.
                  | Hastes itself, casts corrosive bolt, throws damnation, and
                  | banishes you. Manage LOS carefully!
 40883 | Lair:2   | Reached XP level 17. HP: 140/140 MP: 33/34
 41105 | Elf:1    | Entered Level 1 of the Elven Halls
 42452 | Elf:1    | Found a runed translucent gate.
 42452 | Elf:1    | Found a runed translucent gate.
 42452 | Elf:1    | Found a runed translucent gate.
 42452 | Elf:1    | Found a runed translucent gate.
 42452 | Elf:1    | Found a runed translucent gate.
 42454 | Elf:1    | Found a runed translucent gate.
 43139 | Elf:2    | Reached skill level 15 in Spellcasting
 43486 | Elf:2    | Found a huge runed translucent gate.
 43486 | Elf:2    | Found a huge runed translucent gate.
 43486 | Elf:2    | Found a huge runed translucent gate.
 43486 | Elf:2    | Found a huge runed translucent gate.
 43487 | Elf:2    | Found a huge runed translucent gate.
 43556 | Elf:2    | Found Ozxaas's Jewellery Shoppe.
 44156 | Elf:3    | Entered Level 3 of the Elven Halls
 44347 | Elf:3    | Reached skill level 15 in Ice Magic
 44522 | Elf:2    | Paralysed by an air elemental for 1 turns
 44563 | Elf:3    | Noticed a deep elf master archer
 44640 | Elf:3    | Killed a deep elf master archer
 44640 | Elf:3    | Noticed a deep elf master archer
 44642 | Elf:3    | Killed a deep elf master archer
 44891 | Elf:3    | Noticed a deep elf blademaster
 44914 | Elf:3    | Noticed a deep elf master archer
 44919 | Elf:3    | Killed a deep elf master archer
 45184 | Elf:3    | Found Ipadig's Book Boutique.
 45185 | Elf:3    | Found Seat's Jewellery Shoppe.
 45186 | Elf:3    | Found Lepseti's Book Boutique.
 45262 | Elf:3    | Noticed a deep elf blademaster
 45263 | Elf:3    | Reached XP level 18. HP: 147/147 MP: 38/38
 45303 | Elf:3    | Offered knowledge of Starburst by Vehumet.
 45305 | Elf:3    | Identified the +11 great sword of Gravity {freeze, rN++
                  | Dex+3}
 45306 | Elf:3    | Reached skill level 14 in Earth Magic
 45609 | Elf:3    | Reached skill level 15 in Earth Magic
 45619 | Elf:3    | Found the macabre finger necklace {Finger+ rN+}
 45627 | Elf:3    | Got the Codex of Combat Magic
 45634 | Elf:3    | Found the +9 sword of Zonguldrok {reap}
 45643 | Elf:3    | Identified the +1 whip "Taskyiro" {holy, rN+ rCorr}
 45654 | Elf:3    | Got the Teachings on the Blizzard
 45660 | Elf:3    | Identified the +11 lajatang of the Bruised Mouths {freeze,
                  | rC++ Int+2}
 45661 | Elf:3    | Identified the staff of poison "Kidomin" {rPois rC- rCorr
                  | Str+3}
 45665 | Elf:3    | Identified the staff of air "Lita Lij" {rElec rN+ Str+2}
 45673 | Elf:3    | Got Qoast's Treatise on Diablerie
 45674 | Elf:3    | Identified the +5 whip "Nanusef" {heavy, rC+ Will+ Int-3}
 45698 | Elf:3    | Identified the +0 ring mail of the Yeti {rCorr Str-3 Int+3}
 45706 | Elf:3    | Identified the +2 ring mail of the Albatross {Harm Int+2}
 45775 | Elf:3    | Found Bemuumpo's Book Shoppe.
 45849 | Elf:3    | Bought Maxwell's Memoranda for 760 gold pieces
 46011 | Vaults:1 | Entered Level 1 of the Vaults
 46787 | Vaults:1 | Noticed Aizul
 46800 | Vaults:1 | Killed Aizul
 47300 | Vaults:1 | Reached skill level 16 in Earth Magic
 48250 | Orc:1    | Offered knowledge of Conjure Ball Lightning by Vehumet.
 48266 | Orc:1    | Killed Potutehi's ghost
 48494 | Orc:1    | Acquired Hiocuohu's Thoughts on the Atmospheric Ground
 48643 | D:9      | Killed Erolcha
 48838 | Vaults:1 | Reached skill level 17 in Earth Magic
 49278 | Vaults:2 | Identified the ring of Olid Irouvuo {rN+ Str+4 Int+3}
 49743 | Vaults:2 | Reached XP level 19. HP: 140/154 MP: 13/39
 49992 | Vaults:2 | Reached skill level 18 in Earth Magic
 50407 | Vaults:2 | Found a staircase to the Crypt.
 51299 | Vaults:2 | Reached skill level 19 in Earth Magic
 51300 | Vaults:2 | Offered knowledge of Iron Shot by Vehumet.
 52738 | Vaults:3 | Noticed Asterion
 52749 | Vaults:3 | Killed Asterion
 52750 | Vaults:3 | Reached skill level 20 in Earth Magic
 52759 | Vaults:3 | Learned a level 6 spell: Iron Shot
 53240 | Vaults:3 | You fall into a shaft and drop 1 floor!
 53240 | Vaults:4 | Found Vinat's Book Shoppe.
 54233 | Vaults:4 | Reached skill level 21 in Earth Magic
 54245 | Vaults:4 | Learned a level 9 spell: Shatter
 54308 | Vaults:4 | Reached XP level 20. HP: 161/161 MP: 38/40
 54497 | Vaults:4 | Noticed an ancient lich
 54499 | Vaults:4 | Killed an ancient lich
 54779 | Vaults:4 | Reached skill level 22 in Earth Magic
 55523 | Vaults:4 | Offered knowledge of Chain Lightning by Vehumet.
 55523 | Vaults:4 | Offered knowledge of Polar Vortex by Vehumet.
 56025 | Vaults:4 | Found Patsesk's Weapon Emporium.
 57033 | Spider:2 | Noticed Arachne
 57039 | Spider:2 | Killed Arachne
 57710 | Spider:3 | Reached skill level 23 in Earth Magic
 58406 | Spider:3 | Noticed Mara
 58414 | Spider:3 | Killed Mara
 58999 | Spider:3 | Reached XP level 21. HP: 149/168 MP: 27/41
 59082 | Spider:3 | Found a runed translucent door.
 59082 | Spider:3 | Found a shimmering altar of Xom.
 59083 | Spider:3 | Noticed Bolleh's ghost (journeyman GnSk)
 59315 | Spider:4 | Entered Level 4 of the Spider Nest
 59321 | Spider:4 | Identified the +3 falchion of the Revolution {venom,
                  | Fragile rC+ Str+4 SInv}
 61043 | Spider:4 | Learned a level 9 spell: Polar Vortex
 61673 | Spider:4 | Got a gossamer rune of Zot
 61823 | D:9      | Upgraded the game from 0.30.0-3-ga4e48a9924 to
                  | 0.30.0-5-g1a98f26d00
 61953 | Spider:3 | Killed Bolleh's ghost
 62275 | Depths:1 | Entered Level 1 of the Depths
 62536 | Depths:1 | Found a gateway to Hell.
 62694 | Depths:1 | Found a shadowy altar of Dithmenos.
 63258 | Depths:1 | Paralysed by a vampire knight for 4 turns
 63529 | Depths:2 | Noticed a juggernaut
 64294 | Depths:2 | Found a one-way gate leading to the halls of Pandemonium.
 64295 | Depths:2 | Noticed a juggernaut
 64300 | Depths:2 | Killed a juggernaut
 64523 | Depths:2 | Killed a juggernaut
 64766 | Depths:2 | Found the +6 shillelagh "Devastator" {shatter}
 65194 | Depths:3 | Identified the ring "Zeireassa" {Ice Fly rElec Str+3 Int+2}
 65194 | Depths:3 | Noticed Josephina
 65201 | Depths:3 | Reached XP level 22. HP: 38/168 MP: 44/44
 65214 | Depths:3 | HP: 6/170 [Josephina/staff of cold (4)]
 65216 | Depths:3 | Found a white marble altar of Elyvilon.
 65236 | Depths:3 | Found Biuxtoaff's Assorted Antiques.
 66302 | Depths:3 | Paralysed by a floating eye for 2 turns
 66935 | Depths:3 | Killed Josephina
 67468 | Depths:3 | Found a one-way gateway to a ziggurat.
 67761 | Depths:3 | Noticed a golden dragon
 67798 | Depths:3 | Killed a golden dragon
 67969 | Depths:3 | Noticed a golden dragon
 67973 | Depths:3 | Killed a golden dragon
 68380 | Depths:4 | Entered Level 4 of the Depths
 68675 | Depths:4 | Noticed Frederick
 68677 | Depths:4 | Found a glowing golden altar of the Shining One.
 68684 | Depths:4 | Killed Frederick
 68905 | Depths:4 | Found a gate to the Realm of Zot.
 70063 | Crypt:1  | Entered Level 1 of the Crypt
 70759 | Crypt:1  | Found a runed translucent gate.
 70760 | Crypt:1  | Found a runed translucent gate.
 70760 | Crypt:1  | Found a runed translucent gate.
 70761 | Crypt:1  | Found an ancient bone altar of Kikubaaqudgha.
 70761 | Crypt:1  | Noticed a dread lich
 70761 | Crypt:1  | Noticed Waammiq's ghost (veteran GrEE)
 71666 | Crypt:2  | Reached XP level 23. HP: 181/181 MP: 47/47
 71909 | Crypt:1  | Found a basalt altar of Yredelemnul.
 71916 | Crypt:1  | Identified the +4 short sword of the Purse {heavy, Drain
                  | rElec Str+3 Int+5}
 72519 | Crypt:3  | Entered Level 3 of the Crypt
 72522 | Crypt:3  | Acquired the amulet "Ceihogin" {RegenMP Fragile rN++ Int+3
                  | Stlth+}
 73892 | Crypt:3  | Noticed a curse toe
 74326 | Crypt:3  | Killed a curse toe
 74552 | Crypt:3  | Found an ancient bone altar of Kikubaaqudgha.
 74556 | Crypt:3  | Found a basalt altar of Yredelemnul.
 74567 | Crypt:3  | Identified the ring "Obieq" {Fire Will+ Dex+3}
 74976 | Crypt:3  | Found a staircase to the Tomb.
 75707 | Slime:1  | Entered Level 1 of the Pits of Slime
 75719 | Slime:1  | Gained mutation: Your body sometimes deteriorates upon
                  | taking damage. [a shining eye]
 76151 | Slime:3  | Reached skill level 15 in Shields
 76160 | Slime:3  | Noticed Dissolution
 76453 | Slime:3  | Killed Dissolution
 76720 | Slime:5  | Entered Level 5 of the Pits of Slime
 76940 | Slime:5  | Noticed the Royal Jelly
 77228 | Slime:5  | Killed the Royal Jelly
 77529 | Slime:5  | Reached XP level 24. HP: 190/198 MP: 39/47
 77605 | Slime:5  | Identified the +8 mace of Tartarus {drain, Int+6}
 77606 | Slime:5  | Identified the ring of the Locust {rF+ Str+3}
 77612 | Slime:5  | Identified the +4 sling "Atuacheb" {speed, Str+3 Int+3}
 77623 | Slime:5  | Got the Octavo of Refrigeration and the Scorpion
 77632 | Slime:5  | Identified the ring of Wosh {Fire *Slow Dex+6}
 77642 | Slime:5  | Got a slimy rune of Zot
 77671 | Slime:5  | Got Everyday Thaumaturgy
 77985 | Slime:5  | Learned a level 2 spell: Blink
 77988 | Slime:5  | Learned a level 2 spell: Passwall
 78443 | Vaults:4 | Bought a manual of Earth Magic for 1360 gold pieces
 78463 | Vaults:5 | Entered Level 5 of the Vaults
 78466 | Vaults:5 | Reached skill level 24 in Earth Magic
 78632 | Vaults:5 | Reached skill level 25 in Earth Magic
 78801 | Vaults:5 | Identified the amulet of Cumamyng {Rampage rC++ Regen+}
 78928 | Vaults:5 | Identified the +8 dagger of the Ring {protect, Will+}
 78987 | Vaults:5 | Identified the +4 dire flail "Yrreef" {flame, rPois Int+2
                  | Dex+3}
 79026 | Vaults:5 | Reached skill level 26 in Earth Magic
 79137 | Vaults:5 | Identified the ring of Bulas {+Blink rPois Will- AC+4
                  | Dex+5}
 79351 | Vaults:5 | Found the +5 demon whip "Spellbinder" {antimagic, disrupt,
                  | Will+}
 79358 | Vaults:5 | Got a silver rune of Zot
 79669 | Vaults:5 | Identified the +1 ring mail "Pyogomp" {rF+ rC++ Int-4}
 80319 | Depths:3 | Bought a scroll of amnesia for 156 gold pieces
 80326 | Depths:3 | Learned a level 6 spell: Statue Form
 80438 | Zot:1    | Entered Level 1 of the Realm of Zot
 80617 | Zot:1    | Reached XP level 25. HP: 185/204 MP: 47/47
 81028 | Zot:1    | Noticed an orb of fire
 81035 | Zot:1    | Gained mutation: You have supernaturally acute eyesight.
                  | (SInv) [an orb of fire]
 81038 | Zot:1    | Gained mutation: You are frail. (-10% HP) [an orb of fire]
 81039 | Zot:1    | Killed an orb of fire
 81753 | Zot:2    | Found Lisory's CLEARANCE SALE!.
 81760 | Zot:2    | Bought a scroll of amnesia for 24 gold pieces
 82094 | Zot:2    | Found the +4 dragonskin cloak
 82094 | Zot:2    | Noticed Tiamat
 82148 | Zot:2    | Noticed a Killer Klown
 82151 | Zot:2    | Killed a Killer Klown
 82152 | Zot:2    | Reached skill level 27 in Earth Magic
 82184 | Zot:1    | Lost mutation: Your body sometimes deteriorates upon taking
                  | damage. [potion of mutation]
 82184 | Zot:1    | Lost mutation: You are frail. (-10% HP) [potion of
                  | mutation]
 82184 | Zot:1    | Lost mutation: You have supernaturally acute eyesight.
                  | (SInv) [potion of mutation]
 82184 | Zot:1    | Gained mutation: You have hidden genetic potential. [potion
                  | of mutation]
 82184 | Zot:1    | Gained mutation: You have a beak for a mouth. [potion of
                  | mutation]
 82345 | Zot:2    | Killed Tiamat
 82729 | Zot:2    | Noticed Grunn
 82735 | Zot:2    | Killed Grunn
 83407 | Zot:3    | Reached skill level 15 in Fighting
 84044 | Zot:5    | Entered Level 5 of the Realm of Zot
 84909 | Zot:5    | Noticed a dread lich
 84913 | Zot:5    | Killed a dread lich
 84918 | Zot:5    | Noticed a Killer Klown
 84926 | Zot:5    | Killed a Killer Klown
 84989 | Zot:5    | Noticed a Killer Klown
 84994 | Zot:5    | Killed a Killer Klown
 85049 | Zot:5    | Noticed a Killer Klown
 85052 | Zot:5    | a Killer Klown changed into a juggernaut
 85052 | Zot:5    | Noticed a juggernaut
 85055 | Zot:5    | Killed a juggernaut
 85059 | Zot:5    | Noticed an orb of fire
 85059 | Zot:5    | Noticed a Killer Klown
 85064 | Zot:5    | Killed an orb of fire
 85065 | Zot:5    | Reached XP level 26. HP: 186/221 MP: 47/48
 85280 | Zot:5    | Noticed an ancient lich
 85286 | Zot:5    | Killed an ancient lich
 85294 | Zot:5    | Noticed a dread lich
 85298 | Zot:5    | Killed a dread lich
 85612 | Zot:5    | Noticed an ancient lich
 85616 | Zot:5    | Gained mutation: Your muscles are strong. (Str +4, Int/Dex
                  | -1) [hidden potential]
 85619 | Zot:5    | Killed an ancient lich
 85693 | Zot:5    | Got the Orb of Zot
 85837 | Zot:1    | Noticed Huys the pandemonium lord
 85843 | Zot:1    | Killed Huys the pandemonium lord
 86244 | D:$      | Escaped with the Orb!

Illustrated notes

Levels and vault maps discovered:
D:1:      evilmike_arrival_fibonacci_small, layout_basic,
          hellmonk_ecumenical_altar_lost_god, chequers_jeans, nrook_mini_vaults
D:2:      layout_basic, uniq_natasha, uniq_crazy_yiuf_cottage
D:3:      layout_basic, cheibrodos_sewer_entry_bend, kennysheep_potato
D:4:      minmay_wonky_spiral, layout_loops_ring, trog_wizard,
          mainiacjoe_overflow_24_doors, enter_ossuary_5,
          chequers_serial_rivers_large_a, uniq_ijyb
D:5:      layout_cave_pods, serial_shops, nicolae_shop_real_fake_doors,
          st_stairs_3
D:6:      layout_cave_pools, grunt_ministairs_6
D:7:      layout_basic, amcnicky_altar_gilded,
          minmay_temple_entry_enclosed_plants, uniq_maggie
D:8:      layout_basic, serial_shops, shop, minmay_statues_item
D:9:      layout_long_grid, lair_entry_dummy, nicolae_hexahallways, uniq_erolcha
D:10:     layout_roguey, hangedman_misty_isle
D:11:     layout_basic
D:12:     layout_cave_pools, erik_orc_1, minivault_16, uniq_nergalle
D:13:     minmay_glassy_protrusions, layout_layer_cave, david_vaults_4,
          portal_ice_cave_entry_pillars_2, grunt_ministairs_2, zin_angel
D:14:     layout_basic, serial_glass, glass_columns_c, glass_columns_a
D:15:     gammafunk_depths_entry_grave, layout_rooms, fedhas_altar_1
Temple:   compressed_dpeg_triangle_lava_temple
Lair:1:   layout_gridlike, cheibrodos_lair_lostbears
Lair:2:   layout_small_grid, spider_nest_entry_a, gammafunk_lair_bear_cave
Lair:3:   cheibrodos_magma_flow, layout_chaotic_city, minmay_shoals_entry_hut
Lair:4:   layout_regular_city, minmay_slime_entry_oklob_enclosed,
          kennysheep_snail_temple
Lair:5:   grunt_lair_end_beastmaster, layout_gridlike
Shoals:1: nicolae_shoals_offshore_bank_account, layout_shoals, serial_shops,
          nicolae_square_shop
Shoals:2: layout_shoals, hangedman_shoals_cup_caves
Shoals:3: layout_shoals, serial_shops, nicolae_take_the_stairs, uniq_jorgrun,
          uniq_mlioglotl
Shoals:4: shoals_end_hellmonk_storm_palace [storm_palace_center_ruins,
          storm_palace_corner_blocked, storm_palace_corner_reverse_hut,
          storm_palace_corner_narrow, storm_palace_corner_pillars]
Spider:1: layout_spider_delve
Spider:2: layout_spider_delve, uniq_arachne
Spider:3: layout_spider_delve, ebering_ghost_xom, drop_trap,
          nicolae_spider_scorpion_nest, uniq_mara
Spider:4: johnstein_spider_rune_arachne_lair
Slime:1:  layout_caves
Slime:2:  layout_caves
Slime:3:  layout_caves, uniq_dissolution
Slime:4:  layout_caves
Slime:5
Orc:1:    layout_caves, gammafunk_ghost_abyssal_escape, basic_altar
Orc:2:    st_orc_open, layout_diamond_mine, nicolae_shop_vocational,
          uniq_maurice
Elf:1:    layout_rooms, orc_legates, serial_sigils_hangedman_shear,
          statue_in_the_mist_lemuel, minivault_16
Elf:2:    elven_hall_of_blades_hangedman_alternative
          [infiniplex_blade_entry_pillars], layout_onion_city, serial_shops,
          shop_statue
Elf:3:    minmay_elf_hall_circle, layout_geoelf_octagon, serial_shops,
          shop_statue, nicolae_elf_martial_mastery, minmay_shop_grove
Vaults:1: hangedman_vaults_stretched_pinwheel, vaults_standard_mumra_x,
          dpeg_vaults_monster_row, nicolae_vaults_trapezoid_1, v_alt_pattern_3,
          grunt_vaults_diagonal, nicolae_vaults_trapezoid_lopsided_2,
          nicolae_vaults_circle_grid_b, nicolae_vaults_storage_room_glass,
          vaults_room_stairs_pillars, nicolae_vaults_house_1,
          layout_vaults_chaotic_city, uniq_aizul
Vaults:2: nicolae_vaults_apartment_2, grunt_vaults_twisty, v_rooms_1,
          vaults_room_large_hall, nicolae_vaults_off_center_swirl,
          nicolae_vaults_tangram_1, minmay_crypt_entry_simple_box,
          nicolae_vaults_alarming, ontoclasm_vaults_ligature, v_pattern_5,
          nicolae_vaults_oval_intersection, nicolae_vaults_more_shelving_2,
          vaults_mumra_minichess, vaults_dpeg_encased_lava, layout_vaults_ring
Vaults:3: nicolae_vaults_closet_pinwheel_6, nicolae_vaults_trapezoid_2,
          v_alt_pattern_6, nicolae_vaults_stepped_doors, v_misc_1,
          nicolae_vaults_surprise_closet, v_misc_18, kb_rosetta,
          nicolae_vaults_house_1, layout_vaults_quadrants, uniq_asterion
Vaults:4: nicolae_vaults_triangles, nicolae_vaults_offset_grid_hallway_2,
          vaults_mumra_lcd, grunt_vaults_trifunnel,
          nicolae_vaults_shipping_containers_6, v_misc_22, v_alt_pattern_2,
          v_alt_pattern_6, grunt_vaults_swirl, dpeg_vaults_monster_box,
          nicolae_vaults_layer_cake_slice, nicolae_vaults_specimen_jars,
          layout_vaults_big_cross, serial_shops,
          nicolae_shop_just_a_little_nook, nicolae_book_shop_shelving
Vaults:5
Crypt:1:  layout_misc_corridors, gammafunk_ghost_crypt,
          grunt_crypt_arrival_guarded_gate, lemuel_upstairs_altar
Crypt:2:  layout_regular_city, st_stairs_14
Crypt:3:  lightli_unholy_cathedral, layout_chaotic_city,
          tomb_entry_pyramid_bobbens
Depths:1: layout_gridlike, serial_curves, eino_curves_04, eino_curves_02,
          hangedman_decor_slide_cut, hell_entry, grunt_dithmenos_smoke
Depths:2: minmay_roctagon, layout_gridville, grunt_hell_entry_dis_grunt,
          grunt_pan_entry_sceptre, infiniplex_staircase_trident
Depths:3: hangedman_cross_veins, layout_cave_pools, enter_ziggurat_d,
          elyvilon_altar_1, marbit_kobold_abyss_entry, serial_shops,
          nicolae_shop_overgrown_old_shop, grunt_mini_vestibule, uniq_josephina
Depths:4: evilmike_zot_entry_diamond, layout_cave_shapes, hell_entry, tso_altar,
          rand_demon_pan_entry_7, hangedman_abyss_entry_splay,
          serial_bayou_shore_b, uniq_frederick
Zot:1:    layout_gridlike
Zot:2:    layout_gridlike, nicolae_shop_clearance, grunt_megastairs_4,
          uniq_grunn, uniq_tiamat
Zot:3:    layout_basic, lemuel_flame_loot_1
Zot:4:    layout_cathedral_of_symmetry, grunt_ministairs_4, lemuel_elevator
Zot:5:    layout_twisted_circle

Skill      XL: |  1  2  3  4  5  6  7  8  9 10 11 12 13 14 15 16 17 18 19 20 21 22 23 24 25 26 |
---------------+-------------------------------------------------------------------------------+-----
Spellcasting   | 3 4 5 6 7 8 10 11 13 16 18 20 21 23 | 23.1
Conjurations   | 5 6 7 8 9 10 12 14 16 | 16.0
Ice Magic      | 2 5 8 10 11 12 15 17 20 23 | 23.0
Fighting       | 4 6 8 10 12 15 | 15.0
Air Magic      | 4 |  4.0
Evocations     | 4 |  4.0
Dodging        | 2 5 6 9 |  9.0
Shields        | 6 12 14 16 19 20 | 20.0
Earth Magic    | 3 11 13 17 21 23 26 27 | 27.0
Necromancy     | 6 8 |  8.0
Stealth        | |  1.7

Action                     |  1- 3 |  4- 6 |  7- 9 | 10-12 | 13-15 | 16-18 | 19-21 | 22-24 | 25-27 || total
---------------------------+-------+-------+-------+-------+-------+-------+-------+-------+-------++-------
  Melee: Unarmed           |    32 |       |       |       |       |       |       |       |       ||    32
         Tailslap          |     5 |     1 |     5 |     5 |     2 |     2 |     1 |       |       ||    21
         Dagger            |    13 |     7 |    10 |       |       |       |       |       |       ||    30
         Punch             |       |       |     1 |       |       |       |       |       |       ||     1
         Staff             |       |       |     8 |    29 |    32 |     6 |     3 |     1 |     1 ||    80
         Peck              |       |       |       |       |       |       |       |       |     1 ||     1
  Throw: Dart              |       |       |       |       |     3 |     1 |       |       |       ||     4
         Throwing net      |       |       |       |       |     1 |     1 |       |       |       ||     2
   Cast: Magic Dart        |   105 |    48 |    78 |    94 |    58 |       |       |       |       ||   383
         Searing Ray       |       |    24 |    49 |     2 |     2 |       |       |       |       ||    77
         Mephitic Cloud    |       |     5 |    28 |    12 |    25 |     1 |       |       |       ||    71
         Fulminant Prism   |       |       |    11 |    14 |    10 |       |       |       |       ||    35
         Iskenderun's Myst |       |       |     3 |    39 |    92 |    37 |    25 |     2 |       ||   198
         Freezing Cloud    |       |       |     1 |    89 |   194 |   185 |    95 |    14 |     2 ||   580
         Orb of Destructio |       |       |       |     9 |    40 |    34 |    18 |       |       ||   101
         Lee's Rapid Decon |       |       |       |       |   112 |   206 |   117 |   156 |    44 ||   635
         Borgnjor's Vile C |       |       |       |       |    21 |   162 |    91 |    19 |     8 ||   301
         Ozocubu's Refrige |       |       |       |       |     3 |    20 |    15 |    15 |     3 ||    56
         Iron Shot         |       |       |       |       |       |       |   213 |   391 |   224 ||   828
         Shatter           |       |       |       |       |       |       |    84 |    54 |     7 ||   145
         Polar Vortex      |       |       |       |       |       |       |    15 |    39 |    32 ||    86
         Statue Form       |       |       |       |       |       |       |       |     4 |    47 ||    51
         Passwall          |       |       |       |       |       |       |       |       |     4 ||     4
Ability: Breathe Frost     |       |       |     2 |       |     3 |       |       |       |       ||     5
  Evoke: Wand              |       |       |     2 |     1 |     7 |     7 |    12 |     1 |       ||    30
         Tin of tremorston |       |       |       |       |       |     2 |     3 |       |       ||     5
         Phantom mirror    |       |       |       |       |       |       |     1 |     1 |       ||     2
    Use: Scroll            |       |    11 |    12 |     1 |    11 |     6 |     4 |    22 |     3 ||    70
         Potion            |       |       |       |       |     1 |     3 |     1 |    11 |     4 ||    20
   Stab: Confused          |       |     1 |       |     2 |       |       |       |       |       ||     3
 Armour: Skin              |    18 |     6 |    33 |    19 |    76 |    54 |    95 |    65 |    65 ||   431
  Dodge: Dodged            |    39 |    24 |    40 |    31 |   103 |    72 |    95 |    62 |    50 ||   516
  Block: Buckler           |       |       |       |       |    27 |    57 |   155 |    48 |       ||   287
         Reflection        |       |       |       |       |       |    20 |    19 |    10 |    11 ||    60
         Tower shield      |       |       |       |       |       |       |       |    33 |   135 ||   168
